 Dungeon Crawl Stone Soup version 0.28-a0-317-g21599a725c (webtiles) character file.

Game seed: 5731495298386552021

2 McIrco the Cutter (level 1, -1/14 HPs)
             Began as a Kobold Berserker on Sept 1, 2021.
             Was a Follower of Trog.
             Slain by a hobgoblin (3 damage)
             ... on level 1 of the Dungeon.
             The game lasted 00:00:06 (33 turns).

McIrco the Cutter (Kobold Berserker)                  Turns: 33, Time: 00:00:06

Health: -1/14      AC:  2    Str: 14    XL:     1   Next: 44%
Magic:  1/1        EV: 14    Int:  8    God:    Trog [*.....]
Gold:   0          SH:  0    Dex: 14    Spells: 0/0 levels left

rFire   . . .      SeeInvis .   a - +0 short sword
rCold   . . .      Faith    .   (shield restricted)
rNeg    . . .      Spirit   .   b - +0 animal skin
rPois   .          Reflect  .   (no helmet)
rElec   .          Harm     .   (no cloak)
rCorr   .          Rampage  .   (no gloves)
Will    .....                   (no boots)
Stlth   ++........              (no amulet)
HPRegen 0.04/turn               (no ring)
MPRegen 0.07/turn               (no ring)

@: no status effects
A: small, no large weapons, nightstalker 3
a: Renounce Religion, Berserk


You were on level 1 of the Dungeon.
You worshipped Trog.
Trog was aware of your devotion.
You visited 1 branch of the dungeon, and saw 1 of its levels.

Inventory:

Hand Weapons
 a - a +0 short sword (weapon)
Armour
 b - a +0 animal skin (worn)


   Skills:
 + Level 3.3 Fighting
 + Level 4.1 Short Blades
 + Level 1.5 Armour
 + Level 2.4 Dodging


You couldn't memorise any spells.
You didn't know any spells.
Your spell library was empty.

Dungeon Overview and Level Annotations

Branches:
Dungeon (1/15)

Altars:


Innate Abilities, Weirdness & Mutations

You are small and have problems with some larger weapons.
You are completely attuned to the shadows.


Message History

Found a staircase leading out of the dungeon.
Unknown command.
Unknown command.
Found a long sword.
A frilled lizard comes into view.
Found a viscous yellow potion.
A frilled lizard is nearby!
A frilled lizard is nearby!
A hobgoblin and a dart slug come into view.
The hobgoblin shouts!
The frilled lizard hisses angrily.
The frilled lizard closely misses you.
You closely miss the frilled lizard. You hit the hobgoblin but do no damage.
The frilled lizard closely misses you.
You barely miss the hobgoblin. The hobgoblin barely misses you.
The frilled lizard misses you.
You hit the dart slug but do no damage. The hobgoblin misses you.
The frilled lizard bites you.
The dart slug bites you but does no damage.
You hit the dart slug.
The dart slug is severely wounded.
The hobgoblin hits you. The frilled lizard barely misses you.
You are too injured to fight recklessly!
You are too injured to fight recklessly!
You fail to use your ability.
The hobgoblin barely misses you. The frilled lizard bites you.
* * * LOW HITPOINT WARNING * * *
The dart slug closely misses you.
You hit the dart slug.
You kill the dart slug!
Trog accepts your kill. The hobgoblin barely misses you.
The frilled lizard closely misses you.
You closely miss the hobgoblin. The hobgoblin closely misses you.
The frilled lizard bites you but does no damage.
You barely miss the hobgoblin. The hobgoblin closely misses you.
The frilled lizard closely misses you.
You closely miss the hobgoblin. The hobgoblin hits you.
* * * LOW HITPOINT WARNING * * *
The frilled lizard closely misses you.
You closely miss the hobgoblin. The hobgoblin hits you.
You die...

.# .# .# .# .... .#
#.....# .# #!....#
.##############.)...#
....................#
#########.......@....
#.......gl...
+............
#............
..........


You could see a hobgoblin and a frilled lizard.

Vanquished Creatures
  A dart slug (D:1)
1 creature vanquished.

Notes
Turn   | Place    | Note
-------+----------+-------------------------------------------
     0 | D:1      | McIrco the Kobold Berserker began the quest for the Orb.
     0 | D:1      | Reached XP level 1. HP: 14/14 MP: 1/1
    33 | D:1      | Slain by a hobgoblin

Illustrated notes

Levels and vault maps discovered:
D:1:      dpeg_arrival_long_road, layout_basic

Action                   || total
-------------------------++-------
Melee: Short sword       ||    10
Armor: Animal skin       ||     2
Dodge: Dodged            ||    14

Table legend: (Time is in decaauts)
 A = Elapsed time spent in this place.
 B = Non-inter-level travel time spent in this place.
 C = Inter-level travel time spent in this place.
 D = Time resting spent in this place.
 E = Time spent auto-exploring this place.
 F = Levels seen in this place.
 G = Mean time per level.
                   A        B        C        D        E       F      G
               +--------+--------+--------+--------+--------+-----+--------+
         Total |     32 |     32 |      0 |      0 |     19 |   1 |   32.0 |
       Dungeon |     32 |     32 |      0 |      0 |     19 |   1 |   32.0 |
               +--------+--------+--------+--------+--------+-----+--------+

Top non-repeatable levels by time:
     D:1: 32 daAuts
